 Dungeon Crawl Stone Soup version 0.31.0-11-ge490571c62 (webtiles) character file.

Game seed: 1027222058650032134

9 RancidPinata the Sneak (level 2, -6/21 HPs)
             Began as an Octopode Delver on Feb 10, 2024.
             Killed by nerve-wracking pain
             ... invoked by a shadow imp
              (12 damage)
             ... on level 6 of the Dungeon.
             The game lasted 00:00:55 (84 turns).

RancidPinata the Sneak (Octopode Delver)              Turns: 84, Time: 00:00:55

Health: -6/21      AC:  1    Str: 11    XL:     2   Next: 12%
Magic:  2/2        EV: 13    Int: 12    God:
Gold:   0          SH:  0    Dex: 13    Spells: 1/1 levels left

rFire   . . .        a - +0 short sword
rCold   . . .        (no shield)
rNeg    . . .        (helmet restricted)
rPois   .            (no amulet)
rElec   .            (no ring)
rCorr   .            (no ring)
SInv    .            (no ring)
Will    .....        (no ring)
Stlth   ++++         (no ring)
HPRegen 0.23/turn    (no ring)
MPRegen 0.08/turn    (no ring)
                     (no ring)

%: no passive effects
@: no status effects
A: almost no armour, amphibious, 8 rings, camouflage 1, gelatinous body 1,
(nimble swimmer 1), tentacles
a: no special abilities


You were on level 6 of the Dungeon.
You visited 1 branch of the dungeon, and saw 2 of its levels.

Inventory:

Hand Weapons
 a - a +0 short sword (weapon)
Wands
 f - a wand of digging (3)
Scrolls
 b - a scroll of fog
 c - a scroll of revelation
Potions
 e - a potion of haste


   Skills:
 * Level 3.1 Fighting
 + Level 2.1 Short Blades
 * Level 2.2 Dodging
 * Level 6.7 Stealth


You had one spell level left.
You didn't know any spells.
Your spell library was empty.

Dungeon Overview and Level Annotations

Branches:
Dungeon (6/15)
 Temple: D:4-7

Altars:

Shops:
D:6 :

Annotations:
D:6 Grinder


Innate Abilities, Weirdness & Mutations

You cannot wear most types of armour.
You are amphibious.
You can wear up to eight rings at the same time.
Your skin changes colour to match your surroundings (Stealth+).
Your rubbery body absorbs attacks. (AC +1, EV +1)
((You are camouflaged when in or above water. (Stealth+)))
You have tentacles for arms and can constrict up to eight enemies at once.


Message History

You barely miss the bullfrog. Your grab misses the bullfrog.
Your squeeze misses the bullfrog.
The bullfrog is lightly wounded.
The bullfrog hits you. x2
You hit the bullfrog. Your grab misses the bullfrog.
Your squeeze misses the bullfrog.
The bullfrog is moderately wounded.
The bullfrog misses you.
A gnoll comes into view. It is wielding a +0 spear.
A bullfrog comes into view.
You barely miss the bullfrog. You grab the bullfrog.
The bullfrog is moderately wounded.
You constrict the bullfrog, but do no damage.
The bullfrog hits you! The gnoll misses you.
A gnoll bouda comes into view. It is wielding a +0 whip.
As you read the scroll of fear, it crumbles to dust.
You assume a fearsome visage.
The bullfrog looks frightened!
The gnoll bouda looks frightened!
The gnoll looks frightened! x2
The bullfrog looks frightened!
You constrict the bullfrog.
The bullfrog struggles to escape constriction.
The bullfrog escapes!
A scorpion comes into view.
A shadow imp comes into view.
Grinder comes into view.
A shadow imp comes into view.
A gnoll comes into view. It is wielding a +0 club.
An adder comes into view.
You closely miss the shadow imp. Your grab misses the shadow imp.
A gnoll comes into view. It is wielding a +0 halberd.
The shadow imp closely misses you.
Grinder blinks!
The shadow imp hits you.
* * * LOW HITPOINT WARNING * * *
The shadow imp attacks as it pursues you!
The shadow imp hits you.
* * * LOW HITPOINT WARNING * * *
Grinder blinks!
The sentinel's mark upon you fades away.
The shadow imp gestures at you. Pain shoots through your body!
Ouch! That really hurt!
You die...

#. #.# #.# #.#
#.# ###.#
..#...###
#.#.#..@# ..
#.....#.# ....
#.###.#.#
....#####.#...5.#
.........#..S###
#.......#g#######
#.......#.#.....#
#.......g...#
#.....S######


You could see a shadow imp.

Vanquished Creatures
  An adder (D:6)
1 creature vanquished.

Notes
Turn   | Place    | Note
-------+----------+-------------------------------------------
     0 | D:5      | RancidPinata the Octopode Delver began the quest for the
                  | Orb.
     0 | D:5      | Reached XP level 1. HP: 16/16 MP: 1/1
     1 | D:6      | Noticed an ogre
    36 | D:6      | Reached XP level 2. HP: 21/21 MP: 2/2
    48 | D:6      | Found Rokix's Book Emporium.
    54 | D:6      | Noticed a bullfrog
    61 | D:6      | Noticed a bullfrog
    63 | D:6      | Noticed a scorpion
    64 | D:6      | Noticed Grinder
    84 | D:6      | Killed from afar by a shadow imp

Illustrated notes

Levels and vault maps discovered:
D:5:      layout_loops_cross, serial_shops, nicolae_shop_industrial_runoff,
          hangedman_feature_mirror, nicolae_grassy_gnolls
D:6:      layout_basic, mainiacjoe_overflow_surrounded_room, serial_shops,
          nicolae_shop_tiny_statue_garden, uniq_pikel, uniq_grinder,
          uniq_menkaure

Action                     || total
---------------------------++-------
  Melee: Short sword       ||     6
         Constrict         ||     1
         Tentacles         ||     1
    Use: Scroll            ||     1
   Stab: Sleeping          ||     1
 Armour: Skin              ||     5
  Dodge: Dodged            ||     4
